 Dungeon Crawl Stone Soup version 0.31-a0-1343-gcd514f47d3 (webtiles) character file.

Game seed: 8572577547493987921

11 ProfCupcake the Cudgeller (level 2, 0/20 HPs)
             Began as a Gnoll Wanderer on Dec 22, 2023.
             Slain by a jackal (1 damage)
             ... on level 1 of the Dungeon.
             The game lasted 00:02:14 (230 turns).

ProfCupcake the Cudgeller (Gnoll Wanderer)           Turns: 230, Time: 00:02:14

Health: 0/20       AC:  3    Str: 13    XL:     2   Next: 29%
Magic:  5/5        EV: 11    Int: 11    God:
Gold:   42         SH:  0    Dex:  9    Spells: 6/6 levels left

rFire   . . .        a - +2 mace
rCold   . . .        (no shield)
rNeg    . . .        e - +0 leather armour
rPois   .            (no helmet)
rElec   .            (no cloak)
rCorr   .            (no gloves)
SInv    .            (no boots)
Will    .....        (no amulet)
Stlth   +            (no ring)
HPRegen 0.23/turn    (no ring)
MPRegen 0.09/turn

%: no passive effects
@: no status effects
A: fangs 1, strong nose, distributed training
a: no special abilities


You were on level 1 of the Dungeon.
You visited 1 branch of the dungeon, and saw 1 of its levels.

You collected 42 gold pieces.

Inventory:

Hand Weapons
 a - a +2 mace (weapon)
 c - a +0 dagger
Missiles
 b - 8 poisoned darts (quivered)
Armour
 e - a +0 leather armour (worn)
Scrolls
 f - a scroll of poison {unknown}
Potions
 d - a potion of attraction
 g - a potion of mutation {unknown}


   Skills:
 + Level 0.4 Fighting
 + Level 0.4 Short Blades
 + Level 0.4 Long Blades
 + Level 0.4 Axes
 + Level 6.5 Maces & Flails
 + Level 0.4 Polearms
 + Level 0.4 Staves
 + Level 0.4 Ranged Weapons
 + Level 2.5 Throwing
 + Level 2.5 Armour
 + Level 0.4 Dodging
 + Level 0.4 Stealth
 + Level 0.4 Shields
 + Level 0.4 Unarmed Combat
 + Level 2.7 Spellcasting
 + Level 0.2 Conjurations
 + Level 0.2 Hexes
 + Level 0.2 Summonings
 + Level 0.2 Necromancy
 + Level 0.2 Translocations
 + Level 0.2 Fire Magic
 + Level 0.2 Ice Magic
 + Level 5.3 Air Magic
 + Level 0.2 Earth Magic
 + Level 0.2 Alchemy
 + Level 0.5 Invocations
 + Level 2.5 Evocations
 + Level 0.3 Shapeshifting


You had 6 spell levels left.
You didn't know any spells.
Your spell library contained the following spells:

 Spells                   Type           Power      Damage    Failure   Level
 Mercury Vapours          Alch/Air       14%        N/A       16%         2
 Static Discharge         Conj/Air       14%        3-4/arc   16%         2


Dungeon Overview and Level Annotations

Branches:
Dungeon (1/15)

Altars:


Innate Abilities, Weirdness & Mutations

You have very sharp teeth.
Your uncanny sense of smell can sniff out nearby items.
Your experience applies equally to all skills.


Message History

The goblin hits you with a +0 dagger.
The jackal moves out of view.
You closely miss the goblin.
A jackal comes into view.
The goblin hits you with a +0 dagger. The kobold hits you but does no damage.
You miss the goblin.
The jackal barks!
Your bite misses the goblin. The goblin hits you with a +0 dagger.
The kobold hits you but does no damage.
You miss the kobold.
The jackal barks!
The goblin barely misses you. The kobold hits you but does no damage.
You hit the kobold.
You kill the kobold!
The goblin hits you with a +0 dagger.
You hit the goblin.
The goblin is severely wounded.
The goblin hits you with a +0 dagger.
You barely miss the goblin.
The goblin is severely wounded.
The goblin hits you with a +0 dagger.
You completely miss the goblin.
The goblin is heavily wounded.
The goblin hits you with a +0 dagger.
You sock the goblin!
You kill the goblin!
The jackal closely misses you. The jackal bites you.
The jackal closely misses you.
You are too injured to fight recklessly!
You are too injured to fight recklessly!
You are too injured to fight recklessly!
You hit the jackal.
The jackal is severely wounded.
The jackal bites you.
* * * LOW HITPOINT WARNING * * *
The jackal bites you.
* * * LOW HITPOINT WARNING * * *
The jackal bites you.
* * * LOW HITPOINT WARNING * * *
The jackal attacks as it pursues you! The jackal bites you.
You die...

# #.≈ ##.##.#§≈≈≈.##
#...§§ §##...#≈§≈§..#
#..§§§§≈≈###.#§≈≈≈≈.#
####..§≈§§≈§§§#.######.#
......§§§§≈§≈ #.........
.....≈§≈≈≈ #.######.# .
...≈≈≈#####.#≈≈≈§≈§# ...
#..≈≈#.....#≈≈≈≈§§.
.....###@≈§##..#.#≈≈≈§...
......hhh.##.#.###≈≈≈....
#####.).....####≈≈≈≈.....
#........≈≈≈§§...###.
#######.......§.## #.
#.........####.
##...(.........
#####...)..... #........♣


You could see 3 jackals.

Vanquished Creatures
  A bat (D:1)
  A giant cockroach (D:1)
  3 goblins (D:1)
  A quokka (D:1)
  2 ball pythons (D:1)
  A kobold (D:1)
  A rat (D:1)
10 creatures vanquished.

Notes
Turn   | Place    | Note
-------+----------+-------------------------------------------
     0 | D:1      | ProfCupcake the Gnoll Wanderer began the quest for the Orb.
     0 | D:1      | ProfCupcake set off with the following items: a +2 mace, 8
                  | poisoned darts, a +0 dagger, a potion of attraction, a +0
                  | leather armour; and the following spells available to
                  | memorise: Mercury Vapours, Static Discharge.
     0 | D:1      | Reached XP level 1. HP: 13/13 MP: 4/4
    98 | D:1      | Reached XP level 2. HP: 17/19 MP: 5/5
   229 | D:1      | HP: 1/20 [jackal (2)]
   230 | D:1      | Slain by a jackal

Illustrated notes

Levels and vault maps discovered:
D:1:      lightli_arrival_statuegarden, layout_basic,
          chequers_serial_rivers_large_b, grunt_decor_junction,
          serial_bayou_lagoon_b

Action                     || total
---------------------------++-------
  Melee: Mace              ||    41
         Bite              ||     3
  Throw: Dart              ||     1
 Armour: Leather armour    ||    39
  Dodge: Dodged            ||    30

Table legend: (Time is in decaauts)
 A = Elapsed time spent in this place.
 B = Non-inter-level travel time spent in this place.
 C = Inter-level travel time spent in this place.
 D = Time resting spent in this place.
 E = Time spent auto-exploring this place.
 F = Levels seen in this place.
 G = Mean time per level.
                   A        B        C        D        E       F      G
               +--------+--------+--------+--------+--------+-----+--------+
         Total |    238 |    238 |      0 |      0 |    124 |   1 |  238.0 |
       Dungeon |    238 |    238 |      0 |      0 |    124 |   1 |  238.0 |
               +--------+--------+--------+--------+--------+-----+--------+

Top non-repeatable levels by time:
     D:1: 238 daAuts
